 Dungeon Crawl Stone Soup version 0.32-a0-938-g40ac7a0 (webtiles) character file.

Game seed: 3377536815297709683

27497 sdynet the Fighter (level 13, -7/111 HPs)
             Began as a Formicid Hexslinger on Apr 7, 2024.
             Was a Priest of Fedhas.
             Mangled by an earth elemental (33 damage)
             ... in a volcano on Apr 17, 2024.
             The game lasted 01:06:38 (16053 turns).

sdynet the Fighter (Formicid Hexslinger)           Turns: 16053, Time: 01:06:39

Health: -7/111     AC:  6    Str: 14    XL:     13   Next: 66%
Magic:  27/31      EV: 12    Int: 17    God:    Fedhas [***...]
Gold:   356        SH:  0    Dex: 22    Spells: 1/24 levels left

rFire   + . .        a - +3 orcbow (flame) {!d}
rCold   . . .        w - orb {guile}
rNeg    . . .        x - +2 robe {rF+}
rPois   .            (helmet unavailable)
rElec   .            p - +0 cloak
rCorr   .            q - +0 pair of gloves
SInv    +            (no boots)
Will    .....        y - amulet of the acrobat
Stlth   +++          s - ring of magical power
HPRegen 0.38/turn    B - +6 ring of dexterity
MPRegen 0.22/turn

%: acrobat
@: enlightened, flying
A: permanent stasis, dig shafts and tunnels, antennae 3, four strong arms
a: Dig, Renounce Religion, Wall of Briars, Grow Ballistomycete


You were in a volcano.
You worshipped Fedhas.
Fedhas was most pleased with you.
You visited 3 branches of the dungeon, and saw 14 of its levels.
You also visited: Volcano.

You collected 684 gold pieces.
You spent 328 gold pieces at shops.

Inventory:

Hand Weapons
 a - a +3 orcbow of flaming (weapon) {!d}
Missiles
 n - 3 javelins
 Y - 6 curare-tipped darts
 Z - 31 poisoned darts
Armour
 c - a +0 troll leather armour
 p - a +0 cloak (worn)
 q - a +0 pair of gloves (worn)
 t - the +15 Maxwell's patent armour {-Cast -Tele rElec Will+ rCorr}
   (You found it on level 9 of the Dungeon)

   rElec:     It insulates you from electricity.
   Will+:     It increases your willpower.
   -Cast:     It prevents spellcasting.
   -Tele:     It prevents most forms of teleportation.
   rCorr:     It protects you from acid and corrosion.
 w - an orb of guile (worn)
 x - a +2 robe of fire resistance (worn)
Magical Staves
 C - a staff of alchemy
Jewellery
 s - a ring of magical power (left hand)
 y - an amulet of the acrobat (around neck)
 A - a ring of poison resistance
 B - a +6 ring of dexterity (right hand)
 E - an amulet of guardian spirit
 I - a ring of positive energy
Wands
 f - a wand of digging (5)
 k - a wand of polymorph (9)
 v - a wand of charming (2)
 H - a wand of quicksilver (7)
Scrolls
 b - a scroll of poison
 e - a scroll of immolation
 i - 4 scrolls of fog {!r}
 l - a scroll of fear {!r}
 m - a scroll of brand weapon
 r - 3 scrolls of revelation {!r}
 u - 3 scrolls of amnesia
 D - a scroll of silence {unknown}
 J - a scroll of vulnerability {unknown}
Potions
 d - 3 potions of curing {!q}
 g - 7 potions of heal wounds {!q}
 j - a potion of magic {!q}
 o - 2 potions of enlightenment {!q!q}
 z - a potion of lignification {!q}
 G - a potion of mutation
Miscellaneous
 F - a tin of tremorstones (1/2)


   Skills:
 - Level 13.0 Fighting
 + Level 13.0 Ranged Weapons
 - Level 2.0 Dodging
 - Level 4.0 Stealth
 - Level 6.0 Spellcasting
 - Level 1.0 Conjurations
 - Level 9.0 Hexes
 + Level 8.5 Translocations
 - Level 2.0 Fire Magic
 - Level 1.0 Air Magic
 - Level 1.0 Alchemy
 + Level 3.4 Invocations


You had one spell level left.
You knew the following spells:

 Your Spells              Type           Power      Damage    Failure   Level
a - Sigil of Binding      Hex            35%        N/A       1%          3
b - Tukima's Dance        Hex            35%        N/A       1%          3
c - Inner Flame           Hex/Fire       23%        N/A       4%          3
d - Mephitic Cloud        Conj/Alch/Air  8%         N/A       26%         3
e - Cause Fear            Hex            17%        N/A       3%          4
f - Dimensional Bullseye  Hex/Tloc       17%        N/A       3%          4
A - Apportation           Tloc           68%        N/A       1%          1
J - Jinxbite              Hex            70%        N/A       1%          2

Your spell library contained the following spells:

 Spells                   Type           Power      Damage    Failure   Level
 Sting                    Conj/Alch      32%        1d5       9%          1
 Necrotise                Necr           20%        1d5       13%         1
 Summon Small Mammal      Summ           20%        N/A       13%         1
 Lesser Beckoning         Tloc           68%        N/A       1%          2
 Momentum Strike          Conj/Tloc      42%        3d9       2%          2
 Dazzling Flash           Conj/Hex       44%        N/A       4%          3
 Volatile Blastmotes      Fire/Tloc      46%        2d13      4%          3
 Iskenderun's Mystic Bla Conj/Tloc 21%            2d6        (+2d3     19%         4
 Flame Wave               Conj/Fire      10%        2d6       56%         4
 Sticky Flame             Fire/Alch      10%        2d5       56%         4
 Fulminant Prism          Conj/Alch      4%         3d5       63%         4
 Starburst                Conj/Fire      5%         6d4       100%        6
 Maxwell's Capacitive Co  Air            4%         ∞         100%        8
 Blink                    Tloc           Unusable   N/A       N/A         2

Dungeon Overview and Level Annotations

Branches:
Dungeon (10/15)            Temple (1/1) D:6            Lair (3/5) D:10
 Shoals (0/4) Lair:2       Spider (0/4) Lair:2      Volcano (1/1)
    Orc: D:9-12

Altars:
Ashenzari
Cheibriados
Dithmenos
Elyvilon
Fedhas
Gozag
Hepliaklqana
Kikubaaqudgha
Makhleb
Nemelex Xobeh
Okawaru
Qazlal
Ru
Sif Muna
Trog
Uskayaw
Vehumet
Wu Jian
Xom
Yredelemnul
Zin
The Shining One

Shops:
D:2 ?   D:5 *

Portals:
Trove: D:10 (give 2 scrolls of acquirement)

Annotations:
D:3 2 transporters
Lair:3 11 exclusions


Innate Abilities, Weirdness & Mutations

You cannot be hasted, slowed, berserked, paralysed or teleported.
You can dig through walls and to a lower floor.
You have a pair of large antennae on your head. (SInv)
Your four strong arms can wield two-handed weapons with a shield.


Message History

You shoot an arrow. The arrow hits the earth elemental!
The earth elemental is moderately damaged.
Your projectile teleports!
The arrow hits the gargoyle!
The arrow burns the gargoyle.
You destroy the gargoyle!
Fedhas accepts your kill. The earth elemental closely misses you.
You shoot an arrow.
The arrow hits the earth elemental but does no damage.
The earth elemental is moderately damaged.
You shoot an arrow. The arrow hits the earth elemental!
The earth elemental is severely damaged.
You shoot an arrow.
The arrow hits the earth elemental but does no damage.
The earth elemental is severely damaged.
The earth elemental closely misses you.
You shoot an arrow. The arrow hits the earth elemental.
The earth elemental is severely damaged.
The earth elemental hits you!!
You are too injured to fight recklessly!
You shoot an arrow.
The arrow barely misses the earth elemental.
You shoot an arrow.
The arrow barely misses the earth elemental.
The earth elemental hits you!
* * * LOW HITPOINT WARNING * * *
You shoot an arrow.
The arrow hits the earth elemental but does no damage.
The earth elemental is severely damaged.
You shoot an arrow. The arrow hits the earth elemental.
The earth elemental is almost destroyed.
The earth elemental misses you.
You shoot an arrow. The arrow hits the earth elemental!
The earth elemental is almost destroyed.
You shoot an arrow.
The arrow hits the earth elemental but does no damage.
The earth elemental is almost destroyed.
The earth elemental hits you!!
You die...
Fedhas appreciates your contribution to the ecosystem.

≈≈§≈≈≈≈≈≈≈§≈≈≈≈≈≈≈§≈§§§≈≈≈≈§§≈≈≈§
≈§≈≈§≈≈≈.≈≈≈≈≈≈≈≈≈§§≈≈≈≈§≈§§§§≈§≈
≈≈≈≈≈≈≈≈§≈≈≈≈≈≈≈≈≈§≈≈≈≈≈≈≈≈≈≈≈§≈≈
≈≈≈≈§§§≈§§...............≈.≈≈≈≈≈≈
≈≈≈§≈...########+########.≈≈≈§
≈≈≈§.§§.# #.#{ { ≈§§.≈§≈§# #.#
≈≈.≈≈≈≈.# #.# ≈§.≈≈≈≈.# { #@#
.≈≈≈≈≈≈.# #E# ≈≈≈≈≈≈..#. #)#
≈≈§≈≈≈≈.## #)# ≈°§≈≈≈..# { ,...
≈§§≈§≈≈.# 9ß_ß. §§§§§≈..# +.....+
§ ≈≈§§§§≈.# ####### ≈≈§ §§§≈§§≈≈
≈≈≈≈≈


You could see an earth elemental.

Vanquished Creatures
  A hydra (Lair:3)
  A catoblepas (Lair:2)
  Erica (D:9)
  4 two-headed ogres
  A boulder beetle (Lair:2)
  A skyshark (Lair:3)
  A lindwurm (Lair:3)
  An orb spider (Lair:2)
  Pikel (D:9)
  3 harpies (Lair:2)
  Joseph (D:7)
  4 elephants (Lair:2)
  A black mamba (Lair:2)
  2 gargoyles
  9 cane toads
  An efreet (Volcano)
  A rime drake (D:10)
  A kobold demonologist (D:10)
  Jeremiah (D:8)
  3 komodo dragons
  A troll (D:9)
  9 blink frogs
  A wraith (D:9)
  2 fire bats (Volcano)
  23 yaks
  2 wyverns
  3 basilisks
  6 water moccasins
  An orc warrior (D:8)
  8 ice beasts
  2 sky beasts
  5 black bears
  2 ogres (D:5)
  6 wolves
  2 centaurs
  6 kobold brigands
  15 bullfrogs
  An earth elemental (Volcano)
  A scorpion (D:4)
  11 killer bees
  An electric eel (Lair:2)
  5 howler monkeys
  5 lava snakes (Volcano)
  2 bombardier beetles (D:5)
  A hound (D:5)
  A jelly (D:4)
  6 orc priests
  2 gnoll boudas
  2 sleepcaps
  4 iguanas
  9 orc wizards
  10 gnolls
  4 adders
  A shadow imp (D:8)
  4 ufetubi (D:5)
  2 ribbon worms (D:2)
  3 dart slugs
  44 orcs
  7 bats
  5 endoplasms
  3 giant cockroaches
  7 goblins
  7 hobgoblins
  4 jackals (D:3)
  26 kobolds
  7 quokkas
  4 ball pythons
  2 frilled lizards (D:1)
  10 rats
334 creatures vanquished.

Vanquished Creatures (others)
  2 killer bees (D:9)
2 creatures vanquished.

Grand Total: 336 creatures vanquished

Notes
Turn   | Place    | Note
-------+----------+-------------------------------------------
     0 | D:1      | sdynet the Formicid Hexslinger began the quest for the Orb.
     0 | D:1      | Reached XP level 1. HP: 15/15 MP: 2/2
    96 | D:1      | Reached skill level 1 in Stealth
   117 | D:1      | Reached XP level 2. HP: 21/21 MP: 3/3
   280 | D:1      | Learned a level 2 spell: Jinxbite
   288 | D:1      | Reached XP level 3. HP: 27/27 MP: 1/4
   368 | D:1      | Found a faded altar of an unknown god.
   382 | D:1      | Prayed at the altar of an unknown god.
   382 | D:1      | Became a worshipper of Vehumet
   382 | D:1      | Reached * piety under Vehumet
   382 | D:1      | Offered knowledge of Foxfire by Vehumet.
   811 | D:2      | Found Anleph's Magic Scroll Shoppe.
   814 | D:2      | Bought 3 scrolls of noise for 42 gold pieces
  1263 | D:2      | Reached XP level 4. HP: 34/34 MP: 2/5
  1786 | D:2      | Bought a scroll of identify for 28 gold pieces
  1830 | D:3      | Learned a level 3 spell: Sigil of Binding
  1871 | D:3      | Reached ** piety under Vehumet
  2049 | D:3      | Found a transporter.
  2061 | D:3      | Found a transporter.
  2155 | D:3      | Offered knowledge of Kiss of Death by Vehumet.
  2270 | D:3      | Found a shimmering blue altar of Sif Muna.
  2290 | D:3      | Reached XP level 5. HP: 28/41 MP: 4/8
  2376 | D:3      | Learned a level 3 spell: Tukima's Dance
  3216 | D:4      | Noticed a black bear
  3233 | D:3      | Killed a black bear
  3234 | D:3      | Reached skill level 5 in Fighting
  3234 | D:3      | Reached XP level 6. HP: 32/51 MP: 1/9
  3511 | D:4      | Reached XP level 7. HP: 37/57 MP: 6/10
  4201 | D:5      | Entered Level 5 of the Dungeon
  4309 | D:2      | Bought a scroll of immolation for 56 gold pieces
  4309 | D:2      | Bought a scroll of identify for 28 gold pieces
  4394 | D:5      | Upgraded the game from 0.32-a0-910-gd49a5c6 to
                  | 0.32-a0-911-g4a80058
  4783 | D:5      | Reached skill level 5 in Hexes
  4806 | D:5      | Learned a level 3 spell: Inner Flame
  4956 | D:5      | Found Zipsud's Assorted Antiques.
  4987 | D:5      | Offered knowledge of Static Discharge by Vehumet.
  4988 | D:5      | Reached XP level 8. HP: 59/64 MP: 9/12
  5050 | D:5      | Found a blossoming altar of Fedhas.
  5886 | D:6      | Reached *** piety under Vehumet
  6348 | D:6      | Reached XP level 9. HP: 23/75 MP: 10/15
  6553 | D:6      | Found a staircase to the Ecumenical Temple.
  6561 | Temple   | Entered the Ecumenical Temple
  6690 | D:6      | Offered knowledge of Mephitic Cloud by Vehumet.
  6691 | D:6      | Reached skill level 5 in Ranged Weapons
  6695 | D:6      | Learned a level 3 spell: Mephitic Cloud
  6964 | D:6      | Reached skill level 1 in Alchemy
  7108 | D:7      | Identified the +1 war axe "Kois" {holy, rPois rF+ rN++}
  7171 | D:7      | Noticed Joseph
  7182 | D:7      | Killed Joseph
  7183 | D:7      | Reached skill level 1 in Air Magic
  7780 | D:7      | Reached skill level 10 in Fighting
  8466 | D:8      | Reached XP level 10. HP: 86/86 MP: 9/16
  8469 | D:8      | Reached **** piety under Vehumet
  8481 | D:8      | Reached skill level 1 in Conjurations
  8576 | D:8      | Found a burning altar of Makhleb.
  8595 | D:8      | Offered knowledge of Sticky Flame by Vehumet.
  8704 | D:8      | Noticed Jeremiah
  8712 | D:8      | Killed Jeremiah
  9035 | D:8      | Reached skill level 5 in Spellcasting
  9197 | D:8      | Learned a level 4 spell: Cause Fear
  9318 | D:9      | Noticed a gargoyle
  9325 | D:9      | Noticed Erica
  9331 | D:9      | Noticed Pikel
  9340 | D:9      | Killed a gargoyle
  9345 | D:9      | Killed Pikel
  9345 | D:9      | Killed Erica
  9346 | D:9      | Reached XP level 11. HP: 42/94 MP: 11/20
  9348 | D:9      | Noticed a two-headed ogre
  9355 | D:9      | Killed a two-headed ogre
  9365 | D:9      | Noticed a two-headed ogre
  9374 | D:9      | Killed a two-headed ogre
  9496 | D:5      | Bought a polished robe for 131 gold pieces
  9496 | D:5      | Identified the +1 robe "Zuext" {Str+3} (You bought it in a
                  | shop on level 5 of the Dungeon)
  9500 | D:5      | Bought a scroll labelled WOWALE ZIOZXA for 23 gold pieces
  9500 | D:5      | Bought a fizzy inky potion for 20 gold pieces
  9865 | D:9      | Learned a level 4 spell: Dimensional Bullseye
  9976 | D:5      | Fell from the grace of Vehumet
  9976 | D:5      | Became a worshipper of Fedhas Madash
 10117 | D:9      | Found the +15 Maxwell's patent armour {-Cast -Tele rElec
                  | Will+ rCorr}
 10118 | D:9      | Found the +6 shillelagh "Devastator" {shatter}
 10139 | D:9      | Noticed a two-headed ogre
 10143 | D:9      | Killed a two-headed ogre
 10394 | D:9      | Found a snail-covered altar of Cheibriados.
 10576 | D:10     | Entered Level 10 of the Dungeon
 10576 | D:10     | Found a hazy altar of Hepliaklqana.
 10773 | D:10     | Found a portal to a secret trove of treasure.
 10852 | D:10     | Noticed a two-headed ogre
 10856 | D:10     | Killed a two-headed ogre
 10857 | D:10     | Reached skill level 1 in Translocations
 10921 | D:10     | Reached * piety under Fedhas
 10922 | D:10     | Reached XP level 12. HP: 34/105 MP: 3/21
 11129 | D:10     | Found a staircase to the Lair.
 11151 | D:10     | Reached skill level 10 in Ranged Weapons
 11255 | D:10     | Noticed a soul eater
 11580 | D:10     | Found a glowing silver altar of Zin.
 11581 | D:10     | Found a shimmering altar of Xom.
 11584 | D:10     | Found a basalt altar of Yredelemnul.
 11585 | D:10     | Found a bloodstained altar of Trog.
 11585 | D:10     | Found a hide-covered altar of Uskayaw.
 11754 | Lair:1   | Entered Level 1 of the Lair of Beasts
 12364 | Lair:1   | Reached skill level 5 in Translocations
 13437 | Lair:2   | Reached ** piety under Fedhas
 13616 | Lair:2   | Reached skill level 1 in Invocations
 14101 | Lair:2   | Reached XP level 13. HP: 79/111 MP: 22/22
 14187 | Lair:2   | Found a staircase to the Shoals.
 14605 | Lair:2   | Noticed a catoblepas
 14614 | Lair:2   | Killed a catoblepas
 15046 | Lair:2   | Found a hole to the Spider Nest.
 15425 | Lair:2   | Was forgiven by Vehumet
 15504 | Lair:3   | Upgraded the game from 0.32-a0-911-g4a80058 to
                  | 0.32-a0-938-g40ac7a0
 15560 | Lair:3   | Noticed a six-headed hydra
 15567 | Lair:3   | Killed a six-headed hydra
 15592 | Lair:3   | Reached *** piety under Fedhas
 15746 | Lair:3   | Found a dark tunnel.
 15787 | Volcano  | Entered a volcano
 16029 | Volcano  | Learned a level 1 spell: Apportation
 16030 | Volcano  | Found a radiant altar of Vehumet.
 16053 | Volcano  | Mangled by an earth elemental

Illustrated notes

Levels and vault maps discovered:
D:1:      nicolae_arrival_somewhat_less_tricky_arrival, layout_rooms,
          ebering_ecumenical_altar_rust, minmay_pentomino_x2
D:2:      layout_loops_ring, serial_shops, shop, minmay_misc_feat_enclosed,
          grunt_ministairs_5
D:3:      gammafunk_wand_slinger, layout_basic, led_sif_book,
          minmay_misc_feat_hallway, grunt_decor_clamped, corexii_shack
D:4:      layout_loops_cross
D:5:      layout_layer_cave, overflow_temple_1_default, serial_shops, shop
D:6:      layout_loops_corners, minmay_temple_entry_statues, st_stairs_6
D:7:      layout_cave_pods, uniq_joseph
D:8:      layout_rooms, mainiacjoe_overflow_catwalk, hangedman_decor_opposing,
          uniq_jeremiah
D:9:      layout_basic, mainiacjoe_overflow_cross_hatched, st_stairs_8,
          minivault_23, dreamdust_deal_with_the_devil,
          dilly_guarded_unrand_devastator, uniq_pikel, uniq_erica
D:10:     layout_long_grid, nicolae_overflow_hidden_temple,
          grunt_temple_overflow_open, hellmonk_lair_entry_icy,
          nicolae_trove_entry_crystal, kennysheep_generic_room_11
Temple:   nicolae_temple_bog_church
Lair:1:   layout_cave_pods, beast_lair_carwin_4
Lair:2:   layout_regular_city, nicolae_shoals_entry_roost,
          nicolae_spider_entry_orb_guardian, serial_bayou_pond_e
Lair:3:   layout_chaotic_city, nicolae_volcano_entry_vermiform,
          forest_entry_grove
Volcano:  volcano_lake [vl_original]

Skill      XL: |  1  2  3  4  5  6  7  8  9 10 11 12 13 |
---------------+----------------------------------------+-----
Stealth        | 1 4 |  4.0
Fighting       | 2 3 5 6 8 10 11 13 | 13.0
Ranged Weapons | 3 4 6 7 9 11 13 | 13.0
Hexes          | 4 5 6 8 9 |  9.0
Spellcasting   | 2 3 4 6 |  6.0
Dodging        | 2 |  2.0
Fire Magic     | 2 |  2.0
Alchemy        | 1 |  1.0
Air Magic      | 1 |  1.0
Conjurations   | 1 |  1.0
Translocations | 2 6 8 |  8.5
Invocations    | 3 |  3.4

Action                     |  1- 3 |  4- 6 |  7- 9 | 10-12 | 13-15 || total
---------------------------+-------+-------+-------+-------+-------++-------
   Fire: Sling             |    92 |   101 |   120 |       |       ||   313
         Orcbow            |       |       |    58 |   208 |   148 ||   414
  Throw: Dart              |       |     3 |     4 |    19 |     7 ||    33
         Javelin           |       |       |    15 |    17 |       ||    32
   Cast: Jinxbite          |    13 |    20 |    43 |    29 |    28 ||   133
         Sigil of Binding  |       |     4 |     1 |       |       ||     5
         Inner Flame       |       |       |    36 |    79 |     7 ||   122
         Mephitic Cloud    |       |       |     1 |     1 |       ||     2
         Cause Fear        |       |       |       |    13 |     3 ||    16
         Dimensional Bulls |       |       |       |     5 |     7 ||    12
Ability: Dig               |       |       |     2 |     2 |     1 ||     5
  Evoke: Wand              |       |       |       |     1 |       ||     1
         Tin of tremorston |       |       |       |       |     1 ||     1
    Use: Scroll            |       |     6 |     7 |     5 |     3 ||    21
         Potion            |       |     3 |     2 |     6 |     1 ||    12
 Armour: Robe              |    18 |    50 |    64 |   121 |    56 ||   309
         Skin              |       |       |     8 |       |       ||     8
         Troll leather arm |       |       |       |     1 |       ||     1
  Dodge: Dodged            |    25 |    50 |    70 |    82 |    41 ||   268

Table legend: (Time is in decaauts)
 A = Elapsed time spent in this place.
 B = Non-inter-level travel time spent in this place.
 C = Inter-level travel time spent in this place.
 D = Time resting spent in this place.
 E = Time spent auto-exploring this place.
 F = Levels seen in this place.
 G = Mean time per level.
                   A        B        C        D        E       F      G
               +--------+--------+--------+--------+--------+-----+--------+
         Total |  16179 |  14599 |   1580 |    647 |  11200 |  15 | 1078.6 |
       Dungeon |  11994 |  10584 |   1410 |     83 |   8695 |  10 | 1199.4 |
        Temple |     27 |     27 |      0 |      0 |      0 |   1 |   27.0 |
          Lair |   3897 |   3727 |    170 |    519 |   2504 |   3 | 1299.0 |
       Volcano |    260 |    260 |      0 |     45 |      0 |   1 |  260.0 |
               +--------+--------+--------+--------+--------+-----+--------+

Top non-repeatable levels by time:
  Lair:1: 1847 daAuts
  Lair:2: 1767 daAuts
     D:7: 1502 daAuts
     D:3: 1492 daAuts
     D:5: 1446 daAuts
     D:6: 1428 daAuts
     D:2: 1311 daAuts
    D:10: 1228 daAuts
     D:4: 995 daAuts
     D:9: 941 daAuts
     D:8: 891 daAuts
     D:1: 754 daAuts
  Lair:3: 282 daAuts
 Volcano: 260 daAuts
  Temple: 27 daAuts
